Map: Dusk Towers

Players

lesha - Winner!

  • Race: Terran Terran

A.I. 1 (Harder)

  • Race: Protoss Protoss

VOD

Have the link to the VOD?

Description

Time

  • Played on: Dec. 5, 2015, 3:41 a.m.
  • Length: 14:39
Show
View Real Time Build Order
Export as new Build Order

lesha Terran - Winner!

Build Orders:  

Get SALT Encoding   

  12  0:02  SCV  
  13  0:15  SCV  
  13  0:20  Supply Depot  
  14  0:28  SCV  
  15  0:42  SCV  
  16  0:44  Barracks  
  16  0:54  SCV  
  17  1:06  SCV  
  18  1:18  SCV  
  19  1:32  Refinery  
  20  1:34  Orbital Command  
  19  1:49  Marine  
  20  1:56  Command Center  
  20  2:03  SCV  
  21  2:14  Marine  
  21  2:15  SCV  
  23  2:22  Refinery  
  23  2:39  Factory  
  23  2:44  Barracks  
  23  2:56  SCV  
  23  2:57  Barracks Reactor  
  23  3:08  SCV  
  24  3:12  Orbital Command  
  24  3:20  SCV  
  25  3:27  Factory Tech Lab  
  25  3:28  Starport  
  25  3:31  Bunker  
  25  3:32  SCV, Barracks Tech Lab  
  26  3:38  SCV  
  27  3:44  SCV  
  28  3:49  Marine  
  28  3:50  SCV  
  30  3:56  SCV  
  30  4:02  Supply Depot, SCV  
  32  4:09  Marine x2  
  34  4:11  Marauder  
  34  4:14  SCV  
  37  4:23  Siege Tank, Medivac  
  42  4:25  Supply Depot  
  42  4:28  Barracks  
  42  4:29  Command Center  
  42  4:30  Marine x2  
  44  4:34  Marauder  
  46  4:46  SCV x2  
  48  4:54  Marine  
  48  4:55  Marine  
  48  4:56  Bunker, Marauder  
  48  4:58  SCV  
  53  5:05  SCV  
  54  5:11  Refinery  
  54  5:13  Refinery  
  54  5:22  Barracks Reactor, Engineering Bay  
  54  5:25  Engineering Bay  
  54  5:40  SCV x2, Marauder, Marine x2  
  60  5:43  Supply Depot  
  60  5:52  SCV  
  60  5:53  Supply Depot  
  60  5:54  Supply Depot  
  60  5:57  Terran Infantry Weapons Level 1, Terran Infantry Armor Level 1  
  61  5:58  Orbital Command, Marine  
  62  6:04  SCV  
  62  6:05  Siege Tank  
  66  6:14  Supply Depot  
  66  6:15  Marine x2  
  66  6:16  Marine x2  
  70  6:19  Marauder  
  70  6:21  Starport Reactor  
  72  6:33  Barracks  
  72  6:45  SCV x2  
  74  6:49  SCV  
  75  6:57  SCV x2  
  75  6:58  Marine x3  
  75  6:59  Marine  
  75  7:00  Marauder  
  83  7:01  SCV  
  83  7:02  Medivac x2  
  88  7:09  SCV x2  
  90  7:16  Stimpack, Marine x2  
  90  7:21  Barracks  
  92  7:29  Refinery  
  92  7:36  Supply Depot  
  92  7:39  Supply Depot  
  92  7:40  Marine x2  
  92  7:41  Supply Depot  
  92  7:42  Barracks Reactor  
  94  7:48  Medivac x2  
  98  7:54  Armory  
  98  8:03  SCV x3  
  101  8:15  SCV x3  
  104  8:23  Barracks  
  104  8:27  SCV, Barracks  
  104  8:29  Barracks  
  104  8:32  Supply Depot  
  104  8:33  Supply Depot  
  105  8:35  Supply Depot  
  105  8:36  Marine x6  
  105  8:38  Barracks Tech Lab, Marauder  
  105  8:39  Supply Depot  
  105  8:41  Medivac x2  
  117  8:44  Terran Infantry Weapons Level 2  
  117  8:45  Terran Infantry Armor Level 2  
  117  8:52  Refinery  
  117  8:55  SCV x2  
  119  8:56  SCV  
  119  8:59  Marauder  
  119  9:00  Marine x4  
  119  9:01  Marine x3  
  129  9:11  Medivac x2  
  133  9:18  Marine x4  
  133  9:19  Marauder  
  133  9:20  Marauder  
  133  9:22  Combat Shields  
  141  9:26  Marine x2  
  143  9:32  Barracks Reactor x2, Barracks Tech Lab  
  143  9:36  Marine x4  
  147  9:41  Marauder, Medivac x2  
  147  9:42  Marauder  
  147  9:44  Supply Depot, Marine x2  
  157  9:46  Supply Depot  
  157  9:51  Supply Depot  
  157  10:05  Marine x6  
  157  10:06  Marauder  
  165  10:08  Marine  
  166  10:24  Marauder x2  
  170  10:40  Command Center  
  170  10:52  Marine x4  
  170  10:53  Marine x2  
  170  10:54  Marine, Marauder x2  
  181  11:07  Supply Depot  
  181  11:08  Supply Depot  
  181  11:09  Supply Depot x2  
  181  11:28  SCV x3, Marine x3  
  181  11:29  Medivac x2, Marauder  
  181  11:30  Marauder  
  195  11:43  Marine  
  195  11:44  Marine x4  
  200  11:50  Command Center, Terran Infantry Weapons Level 3, Terran Infantry Armor Level 3  
  200  12:11  Orbital Command  
  200  12:16  Concussive Shells  
  191  13:47  Marine x4  
  191  13:48  Marine x5  
  200  14:12  Command Center  
  200  14:13  Command Center  
  200  14:15  Command Center  
  200  14:19  Command Center  
Show
View Real Time Build Order
Export as new Build Order

A.I. 1 (Harder) Protoss 

Build Orders:  

Get SALT Encoding   

  12  0:01  Probe (Chrono Boost)  
  13  0:11  Probe (Chrono Boost)  
  14  0:20  Pylon  
  14  0:22  Probe (Chrono Boost)  
  15  0:38  Probe (Chrono Boost)  
  16  0:47  Assimilator  
  16  0:49  Probe (Chrono Boost)  
  17  0:50  Gateway  
  17  1:00  Probe (Chrono Boost), Pylon  
  18  1:10  Probe (Chrono Boost)  
  19  1:21  Probe (Chrono Boost)  
  20  1:35  Zealot  
  22  1:40  Gateway  
  22  1:42  Cybernetics Core  
  22  1:46  Assimilator  
  22  2:01  Pylon  
  22  2:17  Adept  
  22  2:21  Warp Gate  
  24  2:26  Stalker  
  26  2:39  Pylon  
  26  2:42  Zealot  
  28  2:55  Zealot  
  30  3:07  Adept  
  32  3:16  Pylon  
  32  3:22  Adept  
  34  3:34  Adept  
  34  3:38  Probe (Chrono Boost)  
  38  3:48  Adept  
  38  3:50  Probe (Chrono Boost)  
  38  3:53  Pylon  
  40  4:00  Stalker  
  40  4:01  Probe (Chrono Boost)  
  43  4:10  Forge  
  43  4:12  Probe (Chrono Boost)  
  43  4:14  Stalker  
  46  4:24  Probe (Chrono Boost)  
  47  4:35  Probe (Chrono Boost)  
  47  4:37  Stalker  
  50  4:52  Adept  
  52  5:44  Protoss Ground Weapons Level 1  
  52  5:50  Sentry  
  52  5:52  Gateway  
  52  5:54  Robotics Facility  
  54  5:57  Adept  
  54  5:58  Nexus, Pylon  
  54  5:59  Photon Cannon  
  54  6:02  Photon Cannon  
  56  6:06  Stargate  
  56  6:09  Twilight Council  
  56  6:12  Adept  
  58  6:19  Sentry  
  60  6:27  Forge  
  60  6:31  Adept  
  54  6:42  Adept  
  54  6:43  Observer  
  57  6:49  Stalker  
  57  6:50  Protoss Ground Armor Level 1  
  59  6:56  Stalker  
  61  7:05  Observer  
  62  7:11  Probe x2 (Chrono Boost)  
  64  7:19  Pylon  
  64  7:22  Pylon  
  65  7:23  Probe x2 (Chrono Boost)  
  66  7:34  Probe (Chrono Boost)  
  66  7:35  Probe (Chrono Boost)  
  68  7:44  Photon Cannon  
  68  7:45  Probe (Chrono Boost)  
  68  7:46  Probe (Chrono Boost)  
  68  7:47  Photon Cannon  
  70  7:56  Probe (Chrono Boost)  
  70  7:57  Probe (Chrono Boost)  
  72  8:07  Probe (Chrono Boost)  
  72  8:08  Probe (Chrono Boost)  
  74  8:18  Probe (Chrono Boost)  
  74  8:19  Probe (Chrono Boost)  
  76  8:31  Assimilator  
  76  8:36  Assimilator  
  76  8:53  Probe (Chrono Boost)  
  77  8:59  Probe (Chrono Boost)  
  78  9:04  Probe (Chrono Boost)  
  78  9:09  Probe (Chrono Boost)  
  80  9:36  Protoss Ground Armor Level 2  
  80  9:39  Protoss Ground Weapons Level 2  
  80  9:42  Warp Prism  
  80  9:43  Void Ray  
  86  9:49  Gateway, Zealot  
  88  9:54  Stalker, Nexus, Robotics Facility  
  88  9:58  Stargate  
  88  9:59  Stalker  
  92  10:03  Pylon  
  92  10:07  Stalker  
  94  10:17  Stalker  
  94  10:18  Warp Prism  
  92  10:23  Void Ray  
  92  10:25  Blink  
  92  10:27  Pylon  
  92  10:28  Stalker  
  98  10:39  Robotics Bay  
  98  10:40  Observer  
  99  10:53  Warp Prism  
  99  10:54  Gateway  
  101  11:07  Probe x2 (Chrono Boost)  
  101  11:08  Probe (Chrono Boost), Protoss Air Weapons Level 1  
  101  11:11  Stargate  
  104  11:18  Assimilator  
  106  11:19  Probe (Chrono Boost)  
  106  11:20  Probe (Chrono Boost)  
  106  11:21  Probe (Chrono Boost)  
  106  11:22  Observer Gravitic Boosters  
  107  11:30  Probe (Chrono Boost)  
  107  11:31  Pylon  
  107  11:32  Probe (Chrono Boost)  
  110  11:34  Probe (Chrono Boost)  
  110  11:38  Pylon  
  110  11:41  Probe (Chrono Boost)  
  110  11:43  Probe (Chrono Boost)  
  110  11:46  Probe (Chrono Boost), Protoss Shields Level 1  
  113  11:52  Probe (Chrono Boost)  
  115  11:54  Probe (Chrono Boost)  
  115  11:57  Probe (Chrono Boost)  
  115  12:00  Templar Archives  
  116  12:03  Probe (Chrono Boost), Photon Cannon  
  116  12:05  Photon Cannon  
  117  12:11  Dark Shrine  
  117  12:16  Gravitic Drive  
  117  12:18  Assimilator  
  117  12:26  Fleet Beacon  
  117  12:41  Stalker  
  95  12:45  Probe (Chrono Boost)  
  95  12:46  Zealot  
  95  12:51  Mothership Core (Chrono Boost), Zealot  
  76  12:55  Stalker  
  70  13:03  Stalker  
  66  13:07  Sentry  
  66  13:09  Nexus  
  66  13:12  Zealot  
  70  13:16  Stalker  
  58  13:20  Sentry  
  58  13:24  Nexus  
  58  13:26  High Templar  
  54  13:30  Zealot  
  49  13:35  Stalker  
  49  13:38  Zealot  
  36  13:56  Zealot  
  36  13:57  Zealot  
Tags
 
Add a new tag
Caveats
  • Supply blocks, unpowered buildings, or Contaminate may cause inaccurate times.
  • Supply counts are checked every 10 seconds.